 Dungeon Crawl Stone Soup version 0.17.0-24-gcfadda4 (webtiles) character file.

28 TruthSerum the Cudgeler (level 3, -2/60 HPs)
             Began as an Ogre Berserker on Nov 18, 2015.
             Was a Believer of Trog.
             Killed from afar by Natasha (7 damage)
             ... with a magic dart
             ... on level 2 of the Dungeon.
             The game lasted 00:04:23 (756 turns).

TruthSerum the Cudgeler (Ogre Berserker)             Turns: 756, Time: 00:04:24

Health: -2/60      AC:  3    Str: 27    XL:     3   Next: 14%
Magic:  3/3        EV: 10    Int:  6    God:    Trog [**....]
Gold:   61         SH:  0    Dex: 10    Spells: 0 memorised, 2 levels left

rFire  + . .     SeeInvis .     a - +0 mace
rCold  x . .     Clarity  .     b - +0 animal skin
rNeg   . . .     SustAt   .     (no shield)
rPois  .         Gourm    .     (helmet restricted)
rElec  .         Spirit   .     (no cloak)
rCorr  .         Warding  .     (gloves unavailable)
rMut   .         Stasis   .     (boots unavailable)
MR     .....                    (no amulet)
Stlth  ..........               (no ring)
                                r - ring of fire

@: berserking, slowed, not resistant to hostile enchantments, extremely
unstealthy
A: unfitting armour, tough skin 1
a: Berserk, Trog's Hand, Burn Spellbooks, Renounce Religion


You were on level 2 of the Dungeon.
You worshipped Trog.
Trog was pleased with you.
You were not hungry.

You visited 1 branch of the dungeon, and saw 2 of its levels.

You collected 61 gold pieces.

Inventory:

Hand Weapons
 a - a +0 mace (weapon)
Armour
 b - a +0 animal skin (worn)
Jewellery
 j - an uncursed ring of magical power {unknown}
 r - a ring of fire (left hand)
Scrolls
 k - a scroll of identify {unknown}
 m - a scroll of amnesia {unknown}
 n - a scroll of noise {unknown}
 o - a scroll of remove curse {unknown}
 p - a scroll of teleportation {unknown}
 q - a scroll of fear {unknown}
Potions
 e - a potion of cancellation {unknown}
 f - a potion of agility {unknown}
 g - 3 potions of flight {unknown}
 h - a potion of lignification {unknown}
 l - a potion of might {unknown}
Comestibles
 c - a bread ration
 d - 2 chunks of flesh
 i - a beef jerky


   Skills:
 + Level 4.4 Fighting
 + Level 4.7 Maces & Flails
 + Level 3.1 Dodging


You had 2 spell levels left.
You didn't know any spells.

Dungeon Overview and Level Annotations

Branches:
Dungeon (2/15)

Altars:

Annotations:
D:2 Natasha


Innate Abilities, Weirdness & Mutations

You are too large for most types of armour.
You have tough skin (AC +1).


Message History

Natasha claws you. The rat bites you but does no damage. The iron imp hits you.
You closely miss the crimson imp.
The crimson imp is lightly wounded.
Natasha stares at you and mumbles some strange words.
You feel as though you will be slow longer.
The rat barely misses you. The crimson imp hits you.
The iron imp disappears for a moment.
The iron imp hits you! The iron imp barely misses you. Natasha claws you!
* * * LOW HITPOINT WARNING * * *
The rat bites you.
* * * LOW HITPOINT WARNING * * *
The crimson imp hits you.
* * * LOW HITPOINT WARNING * * *
A red film seems to cover your vision as you go berserk!
You feel yourself moving faster!
You feel mighty!
You feel somewhat more hungry. The iron imp hits you.
* * * LOW HITPOINT WARNING * * *
Natasha casts a spell at you. The magic dart hits you!
You die...

. #...)...... ..........
..........
###############........#
........................
...##........#..........
..###........#..55......
>####...........@r......
...##........#..5h....[.
##...........##.........
###.(###.######......##
#####..##.# ######## .#
..#.......# .#
.......##.# ######.####
........#... #.........
........#<#.. #.......#


You could see 2 iron imps, Natasha, a crimson imp and a rat.

Vanquished Creatures
  2 giant geckos (D:1)
  2 giant cockroaches
  5 goblins
  2 hobgoblins (D:1)
  4 bats
  4 kobolds (D:1)
  6 rats (D:1)
25 creatures vanquished.

Notes
Turn   | Place    | Note
--------------------------------------------------------------
     0 | D:1      | TruthSerum the Ogre Berserker began the quest for the Orb.
     0 | D:1      | Reached XP level 1. HP: 24/24 MP: 1/1
    42 | D:1      | Reached XP level 2. HP: 4/32 MP: 2/2
   478 | D:1      | Reached ** piety under Trog
   562 | D:1      | Reached XP level 3. HP: 29/40 MP: 3/3
   746 | D:2      | Noticed Natasha
   756 | D:2      | Killed from afar by Natasha

Action                   || total
-------------------------++-------
Melee: Mace              ||    82
Invok: Berserk           ||     1
